AoeStats
← This is

Hideout

508072478Analyzed
1v1 RM · 12d ago on Sep 20, 2026· 42m 41s· 2 players
Game mode
Random Map
Map size
Tiny (2 player)
Population
200
Speed
Normal
Resources
Standard
Victory
Conquest
Starting age
Dark Age
Ending age
Imperial Age
RankedLock teamsTeams togetherTeam positionsShared explorationLock speedFull tech treeHidden civsTurbo modeCheats
Victory
Defeat
🇹🇷 Italians · Türkiye
781
+16
🇳🇴 Lithuanians · Norway
782
-40
COŞKUN
10:52 Feudal Age
15:28 Castle Age
13:40 Double-Bit Axe
13:59 Horse Collar
17:35 Bow Saw
18:32 Wheelbarrow
23:30 Fletching
24:08 Hand Cart
25:22 Heavy Plow
26:17 Town Watch
26:57 Loom
31:17 Imperial Age
29:49 Bodkin Arrow
29:55 Padded Archer Armor
31:13 Ballistics
34:25 Chemistry
33:20 Gold Mining
36:18 Bracer
36:34 Leather Archer Armor
40:42 Bombard Tower
40:43 Elite Genoese Crossbowman
This is
12:07 Feudal Age
15:31 Wheelbarrow
16:05 Double-Bit Axe
17:01 Forging
16:38 Horse Collar
19:42 Castle Age
18:27 Bloodlines
19:07 Scale Barding Armor
22:41 Husbandry
23:07 Bow Saw
22:52 Gold Mining
22:52 Stone Mining
24:30 Iron Casting
25:52 Chain Barding Armor
26:01 Fletching
26:12 Padded Archer Armor
26:17 Heavy Plow
26:38 Hand Cart
26:56 Town Watch
30:03 Fervor
30:39 Town Patrol
Connection lost

Rejoining the realm…

Still unreachable

The connection could not be restored.

Session expired

The server has moved on; the page needs a fresh start.